 Dungeon Crawl Stone Soup version 0.28-a0-919-g0b5b508569 (webtiles) character file.

Game seed: 12173900582502563619

35 timneilson the Covered (level 3, -1/23 HPs)
             Began as a Gargoyle Fighter on Nov 25, 2021.
             Slain by Sigmund (8 damage)
             ... on level 2 of the Dungeon.
             The game lasted 00:01:30 (1225 turns).

timneilson the Covered (Gargoyle Fighter)           Turns: 1225, Time: 00:01:31

Health: -1/23      AC: 10    Str: 20    XL:     3   Next: 35%
Magic:  3/3        EV:  9    Int:  8    God:
Gold:   89         SH:  4    Dex:  9    Spells: 2/2 levels left

rFire   . . .      SeeInvis .   a - +0 long sword
rCold   . . .      Faith    .   c - +0 buckler
rNeg    + . .      Spirit   .   b - +0 scale mail
rPois   ∞          Reflect  .   (no helmet)
rElec   +          Harm     .   (no cloak)
rCorr   .          Rampage  .   (no gloves)
Will    .....                   (no boots)
Stlth   ..........              (no amulet)
HPRegen 0.07/turn               (no ring)
MPRegen 0.08/turn               (no ring)

@: mighty
A: sickness immunity, AC +3, negative energy resistance 1, electricity
resistance, torment resistance 1, petrification resistance
a: no special abilities


You were on level 2 of the Dungeon.
You visited 1 branch of the dungeon, and saw 2 of its levels.

You collected 89 gold pieces.

Inventory:

Hand Weapons
 a - a +0 long sword (weapon)
Armour
 b - a +0 scale mail (worn)
 c - a +0 buckler (worn)
Potions
 e - a potion of curing {unknown}


   Skills:
 + Level 3.4 Fighting
 * Level 2.2 Long Blades
 * Level 3.7 Armour
 + Level 0.3 Dodging
 * Level 3.7 Shields


You had 2 spell levels left.
You didn't know any spells.
Your spell library contained the following spells:

 Spells                   Type           Power      Damage    Failure   Level
 Corpse Rot               Necr/Air       0%         N/A       88%         2
 Poisonous Vapours        Pois/Air       0%         N/A       88%         2


Dungeon Overview and Level Annotations

Branches:
Dungeon (2/15)

Altars:

Annotations:
D:2 Sigmund


Innate Abilities, Weirdness & Mutations

You are immune to sickness and miasma.
Your stone body is resilient. (AC +3)
You are immune to poison.
You resist negative energy. (rN+)
You are resistant to electric shocks. (rElec)
You are resistant to unholy torment.
You are immune to petrification.


Message History

The adder is almost dead.
The adder barely misses you.
The rat twitches its whiskers.
The frilled lizard bites you but does no damage.
Sigmund screams, "I am the angel of ZOT!!!"
Sigmund casts a spell.
Sigmund flickers and vanishes!
Deactivating autopickup; reactivate with Ctrl-A.
You block the adder's attack. The frilled lizard barely misses you.
You see here a white potion.
You block the adder's attack. You block the adder's attack.
You feel very mighty all of a sudden. The adder bites you but does no damage.
You barely miss the adder.
The adder is severely wounded.
The adder bites you. x2
You hit the adder.
You kill the adder!
The goblin hits you with a +0 club.
You have reached level 3!
Your experience leads to an increase in your attributes!
Increase (S)trength, (I)ntelligence, or (D)exterity?
You feel stronger.
You slash the goblin!
You kill the goblin!
Something hits you but does no damage.
You closely miss the frilled lizard.
The frilled lizard completely misses you.
You block something's attack. The frilled lizard closely misses you.
You slash the frilled lizard!
You kill the frilled lizard!
The rat bites you but does no damage.
You slash the rat!
You kill the rat!
Something hits you but does no damage. Something hits you.
Items here: ) †††.
You slash something! Something hits you!
You die...

#.# #...#...#.(#.=.# # #.#
#............. ..## ##.#
#)..)# ...... #...###..#
####...###....##
#.......###....#.##.......
#.......##..####.#..#
#..)..)<#..##....lr##
#.......#.##{.##.###
.....[......@.###...
.........###### ###.#
.........# .# .........# #
.........# ..########


There were no monsters in sight!

Vanquished Creatures
  An adder (D:2)
  3 ball pythons (D:1)
  An endoplasm (D:1)
  3 giant cockroaches (D:1)
  4 goblins
  5 kobolds
  A quokka (D:1)
  2 bats (D:1)
  2 frilled lizards
  5 rats
27 creatures vanquished.

Notes
Turn   | Place    | Note
-------+----------+-------------------------------------------
     0 | D:1      | timneilson the Gargoyle Fighter began the quest for the
                  | Orb.
     0 | D:1      | Reached XP level 1. HP: 14/14 MP: 1/1
   375 | D:1      | Reached XP level 2. HP: 19/19 MP: 2/2
  1205 | D:2      | Noticed Sigmund
  1220 | D:2      | Reached XP level 3. HP: 11/23 MP: 3/3
  1225 | D:2      | Slain by Sigmund

Illustrated notes

Levels and vault maps discovered:
D:1:      saegor_arrival_simple_a, layout_basic
D:2:      layout_rooms, ebering_ecumenical_altar_petrified, amethyst_killhole,
          minmay_cupped, uniq_sigmund, uniq_jessica, uniq_robin

Skill      XL: |  1 |
---------------+----+-----
Long Blades    | 2 |  2.2
Fighting       | |  3.4
Armour         | |  3.7
Dodging        | |  0.3
Shields        | |  3.7

Action                   || total
-------------------------++-------
Melee: Long sword        ||   104
  Use: Scroll            ||     1
       Potion            ||     1
Armor: Scale mail        ||    54
Dodge: Dodged            ||    60
Block: Buckler           ||    21

Table legend: (Time is in decaauts)
 A = Elapsed time spent in this place.
 B = Non-inter-level travel time spent in this place.
 C = Inter-level travel time spent in this place.
 D = Time resting spent in this place.
 E = Time spent auto-exploring this place.
 F = Levels seen in this place.
 G = Mean time per level.
                   A        B        C        D        E       F      G
               +--------+--------+--------+--------+--------+-----+--------+
         Total |   1256 |   1243 |     13 |     34 |    991 |   2 |  628.0 |
       Dungeon |   1256 |   1243 |     13 |     34 |    991 |   2 |  628.0 |
               +--------+--------+--------+--------+--------+-----+--------+

Top non-repeatable levels by time:
     D:1: 1112 daAuts
     D:2: 143 daAuts
